 Dungeon Crawl Stone Soup version 0.18.1-48-g4cf74bf (webtiles) character file.

3195 Charly the Basher (level 9, -1/56 HPs)
             Began as a Tengu Wanderer on Aug 12, 2016.
             Was an Initiate of Gozag.
             Slain by an orc warrior
             ... wielding a +0 war axe
              (9 damage)
             ... on level 1 of the Orcish Mines.
             The game lasted 00:42:22 (3340 turns).

Charly the Basher (Tengu Wanderer)                  Turns: 3340, Time: 00:42:23

Health: -1/56      AC: 13    Str: 13    XL:     9   Next: 96%
Magic:  10/10      EV: 14    Int: 11    God:    Gozag
Gold:   121        SH:  0    Dex: 20    Spells: 0 memorised, 8 levels left

rFire  . . .     SeeInvis +     a - +0 flail (protect)
rCold  + + .     Gourm    .     e - +3 leather armour of Bedevilment {rElec rC+ SInv}
rNeg   . . .     Faith    .     y - +0 large shield
rPois  +         Spirit   .     (helmet restricted)
rElec  +         Dismiss  .     (no cloak)
rCorr  .         Reflect  .     (no gloves)
SustAt .         Harm     .     (boots unavailable)
MR     .....     Rnd*Rage +     (no amulet)
Stlth  +.........               c - ring of protection from cold
                                v - +2 ring of slaying

@: confused, about to teleport, not resistant to hostile enchantments, very
unstealthy
A: beak, horns 1, talons 3, repulsion field 1, large bone plates 1, agile 1,
berserk 1, poison resistance, able to fly 1
a: Fly, Potion Petition, Call Merchant, Bribe Branch, Renounce Religion


You were on level 1 of the Orcish Mines.
You worshipped Gozag.
Gozag was noncommittal.
You were near starving.

You visited 3 branches of the dungeon, and saw 13 of its levels.

You collected 276 gold pieces.
You paid 155 gold pieces to Gozag.

Inventory:

Hand Weapons
 a - a +0 flail of protection (weapon)
 b - a +2 blowgun
 H - a +0 great mace
Missiles
 d - 3 curare-tipped needles
 n - 11 poisoned needles
Armour
 e - the +3 leather armour of Bedevilment (worn) {rElec rC+ SInv}
   (You found it on level 5 of the Dungeon)

   It protects you from cold.
   It insulates you from electricity.
   It lets you see invisible.
 y - a +0 large shield (worn)
 D - a fire dragon hide
Magical Staves
 C - an uncursed staff of summoning {unknown}
 G - an uncursed staff of energy {unknown}
Jewellery
 c - a ring of protection from cold (right hand)
 p - an uncursed ring of poison resistance
 v - a +2 ring of slaying (left hand)
 J - an uncursed ring of ice
Scrolls
 h - a scroll of enchant armour {unknown}
 m - a scroll of fear {unknown}
 q - a scroll of magic mapping
 r - a scroll of blinking
 w - 4 scrolls of enchant weapon {unknown}
 A - 2 scrolls of recharging {unknown}
Potions
 g - 2 potions of flight
 i - 2 potions of agility
 k - 2 potions of cancellation
 s - a potion of brilliance {unknown}
 t - a potion of mutation
 x - 2 potions of lignification {unknown}
 z - a potion of magic {unknown}
 B - 3 potions of curing
 E - a potion of invisibility {unknown}
 F - a potion of degeneration {unknown}
 I - a potion of berserk rage {unknown}
Books
 u - a book of Enchantments

   Spells                             Type                      Level
   a - Cause Fear                     Hexes                        4
   b - Yara's Violent Unravelling     Hexes/Transmutation          5
   c - Silence                        Hexes/Air                    5
   d - Deflect Missiles               Charms/Air                   6
   e - Haste                          Charms                       6
   f - Discord                        Hexes                        8
Comestibles
 f - 4 bread rations
 j - 5 meat rations


   Skills:
 + Level 6.9 Fighting
   Level 1.1(7.6) Axes
 * Level 11.6 Maces & Flails
 - Level 2.0 Throwing
 - Level 2.5 Armour
 + Level 6.0 Dodging
 + Level 2.4 Shields


You had 8 spell levels left.
You didn't know any spells.

Dungeon Overview and Level Annotations

Branches:
Dungeon (11/15)            Temple (1/1) D:7             Orc (1/2) D:9
   Lair: D:8-11

Altars:
Ashenzari
Cheibriados
Dithmenos
Elyvilon
Fedhas
Gozag
Kikubaaqudgha
Makhleb
Nemelex Xobeh
Okawaru
Pakellas
Qazlal
Ru
Sif Muna
Vehumet
Xom
Yredelemnul
Zin
The Shining One


Innate Abilities, Weirdness & Mutations

You have a beak for a mouth.
You have claws for feet.
You can fly.
You have a pair of small horns on your head.
You are surrounded by a mild repulsion field (EV +2).
You are partially covered in large bone plates (AC +2, SH +2).
You are agile. (Dex +2)
You tend to lose your temper in combat.
Your system is resistant to poisons.


Message History

You are confused.
You feel invigorated. The orc closely misses you.
You barely miss the orc. The orc barely misses you.
The orc priest invokes the aid of Beogh against you.
Beogh smites you!
* * * LOW HITPOINT WARNING * * *
The orc barely misses you. x2
Unknown command.
You miss the orc. You headbutt the orc. You peck the orc.
The orc is moderately wounded.
The orc hits you with a hand axe.
* * * LOW HITPOINT WARNING * * *
The orc closely misses you.
Unknown command.
You miss the orc. Your kick misses the orc. You peck the orc.
The orc is moderately wounded.
The orc closely misses you. The orc hits you but does no damage.
The orc warrior hits you with a war axe!
You die...
Your body crumbles into a pile of gold.

...o.$### . .....$##
#####
#..#.....####.#.##
#.......##.....# ..
#....(...#.# ...
###........##
....#....(.....$#
........$...ooo.##
...........ooo@..##
#.......<>...oo...$..#
.............o....#...
...............$..# ..
o..$...........#...#
.....#...#.....##.##
.#..........#..# ..#
...............#...
........#......#


You could see an orc warrior, an orc priest, an orc wizard and 6 orcs.

Vanquished Creatures
  3 hungry ghosts
  A hippogriff (D:9)
  A water moccasin (D:8)
  2 sky beasts
  4 orc warriors
  3 phantoms
  2 centaurs
  A necrophage (D:8)
  4 ogres
  A big kobold (D:7)
  Blork the orc (D:5)
  2 giant frogs
  A scorpion (D:10)
  A howler monkey (D:5)
  6 orc wizards
  A quasit (D:9)
  2 hounds
  2 giant frog zombies
  A jelly (D:9)
  6 orc priests
  An iguana (D:5)
  3 worker ants
  A killer bee zombie (D:4)
  3 adders
  A shadow imp (D:7)
  2 adder skeletons
  4 worms
  2 giant geckos
  25 orcs
  10 bats
  3 giant cockroaches
  6 goblins
  4 hobgoblins
  7 jackals
  4 quokkas
  A ball python (D:1)
  4 giant gecko skeletons
  3 giant newts
  2 jackal skeletons
  13 kobolds
  2 quokka zombies
  2 rats (D:1)
148 creatures vanquished.

Notes
Turn   | Place    | Note
--------------------------------------------------------------
     0 | D:1      | Charly the Tengu Wanderer began the quest for the Orb.
     0 | D:1      | Charly set off with: 3 curare-tipped needles, a +2 blowgun, a +0 ring mail, a +0 mace, a bread ration
     0 | D:1      | Reached XP level 1. HP: 15/15 MP: 2/2
   150 | D:1      | Reached XP level 2. HP: 19/20 MP: 3/3
   155 | D:1      | Reached skill level 4 in Maces & Flails
   452 | D:1      | Reached XP level 3. HP: 20/24 MP: 4/4
   583 | D:2      | Reached skill level 5 in Maces & Flails
   764 | D:2      | Reached XP level 4. HP: 20/29 MP: 5/5
   951 | D:3      | Noticed a sky beast
   966 | D:3      | Killed a sky beast
   966 | D:3      | Reached skill level 6 in Maces & Flails
   966 | D:3      | Gained mutation: You can fly. [Tengu growth]
   966 | D:3      | Reached XP level 5. HP: 24/33 MP: 6/6
   972 | D:3      | Gained mutation: You are partially covered in large bone plates (AC +2, SH +2). [mutagenic meat]
   973 | D:3      | Gained mutation: You tend to lose your temper in combat. [mutagenic meat]
   974 | D:3      | Gained mutation: Your system is resistant to poisons. [mutagenic meat]
   975 | D:3      | Gained mutation: You are agile. (Dex +2) [mutagenic meat]
  1151 | D:3      | Found a faded altar to an unknown god.
  1196 | D:5      | Entered Level 5 of the Dungeon
  1217 | D:4      | Gained mutation: You are surrounded by a mild repulsion field (EV +2). [potion of mutation]
  1217 | D:4      | Gained mutation: You have a pair of small horns on your head. [potion of mutation]
  1222 | D:4      | Noticed an ogre
  1242 | D:4      | Killed an ogre
  1242 | D:4      | Reached skill level 7 in Maces & Flails
  1242 | D:4      | Reached skill level 1 in Armour
  1242 | D:4      | Reached skill level 1 in Dodging
  1242 | D:4      | Reached XP level 6. HP: 34/38 MP: 7/7
  1250 | D:4      | Noticed a phantom
  1276 | D:4      | Killed a phantom
  1525 | D:5      | Reached XP level 7. HP: 40/44 MP: 8/8
  1690 | D:5      | Reached skill level 8 in Maces & Flails
  1840 | D:5      | Found a basalt altar of Yredelemnul.
  1842 | D:5      | Got a translucent leather armour
  1857 | D:5      | Identified the +3 leather armour of Bedevilment {rElec rC+ SInv} (You found it on level 5 of the Dungeon)
  1934 | D:5      | Reached XP level 8. HP: 20/48 MP: 9/9
  1984 | D:5      | Noticed Blork the orc
  1993 | D:5      | Killed Blork the orc
  2084 | D:6      | Reached skill level 9 in Maces & Flails
  2093 | D:6      | You fall through a shaft for 3 floors!
  2093 | D:9      | Found a staircase to the Orcish Mines.
  2155 | D:9      | Reached skill level 5 in Fighting
  2277 | D:10     | Entered Level 10 of the Dungeon
  2366 | D:9      | Reached skill level 10 in Maces & Flails
  2390 | D:10     | Reached XP level 9. HP: 38/55 MP: 10/10
  2458 | D:8      | Reached skill level 5 in Dodging
  2518 | D:8      | Found a glowing golden altar of the Shining One.
  2890 | D:7      | Found a staircase to the Ecumenical Temple.
  2905 | D:7      | Reached skill level 11 in Maces & Flails
  2905 | D:7      | Reached skill level 1 in Shields
  2955 | Temple   | Entered the Ecumenical Temple
  2993 | Temple   | Became a worshipper of Gozag Ym Sagoz the Greedy
  3312 | Orc:1    | Entered Level 1 of the Orcish Mines
  3340 | Orc:1    | Slain by an orc warrior

Skill      XL: |  1  2  3  4  5  6  7  8  9 |
---------------+----------------------------+-----
Maces & Flails | 4 5 6 7 8 10 11 | 11.6
Armour         | 1 2 |  2.5
Dodging        | 1 2 4 6 |  6.0
Fighting       | 5 6 |  6.9
Shields        | 2 |  2.4
Axes           | |  1.1
Throwing       | |  2.0

Action                   |  1- 3 |  4- 6 |  7- 9 || total
-------------------------+-------+-------+-------++-------
Melee: Mace              |    97 |    66 |       ||   163
       Peck              |    12 |    14 |    43 ||    69
       Kick              |    23 |    18 |    92 ||   133
       Headbutt          |       |     5 |    61 ||    66
       Flail             |       |       |   284 ||   284
 Fire: Blowgun           |    12 |    14 |    16 ||    42
  Use: Scroll            |       |     5 |     9 ||    14
       Potion            |       |     1 |     2 ||     3
 Stab: Distracted        |       |       |     1 ||     1
       Sleeping          |       |       |     1 ||     1
  Eat: Chunk             |       |     6 |     7 ||    13
       Beef jerky        |       |       |     1 ||     1
Armor: Ring mail         |    43 |     9 |       ||    52
       Scale mail        |       |    20 |    21 ||    41
       Leather armour    |       |       |    62 ||    62
       Skin              |       |       |     1 ||     1
Dodge: Dodged            |    52 |    26 |   141 ||   219
Block: Other             |       |     1 |     6 ||     7
       Large shield      |       |       |    58 ||    58
